[Event "Tuesday Night Engine Tour 7 Rd Swiss 12m+1s Starts at 2200hrs"]
[Site "Infinity Chess"]
[Date "2018.4.3"]
[Round "2"]
[White "MrScience"]
[Black "star99"]
[Result "1/2-1/2 "]
[ECO "D02"]
[WhiteElo "2427"]
[BlackElo "2405"]
[WhiteEngine "cfish"]
[BlackEngine "Cryptic Heroes 9.2B"]
[EventType "Swiss"]
[WhiteTeam ""]
[BlackTeam ""]
[PlyCount "63"]
[TimeControl "720+1"]

1. d4 d5 2. Nf3 e6 3. g3 Nf6 4. c4 Bb4+ 5. Bd2 Be7 6. Bg2 O-O 7. Qc2 c6 
8. O-O Nbd7 9. Rc1 b6 10. cxd5 cxd5 11. Qb3 Bb7 12. Bb4 Bxb4 13. Qxb4 a5 
14. Qb3 Qe7 15. e3 Ba6 16. Nc3 Rac8 17. a3 Rfd8 18. Qa4 h6 19. Nd2 Rc7 
20. Qd1 Rdc8 21. Bf1 Bxf1 22. Kxf1 Rc6 23. Nb5 Nb8 24. Nf3 Rxc1 25. Rxc1 Rxc1 
26. Qxc1 Qd7 27. Nc3 Ne8 28. Ne5 Qc7 29. Nd3 Nd6 30. b3 f6 31. a4 g5 32. h3 
1/2-1/2

[Event "Tuesday Night Engine Tour 7 Rd Swiss 12m+1s Starts at 2200hrs"]
[Site "Infinity Chess"]
[Date "2018.4.3"]
[Round "2"]
[White "CoffeeOne"]
[Black "Victorious"]
[Result "1-0"]
[ECO "C65"]
[WhiteElo "2462"]
[BlackElo "2471"]
[WhiteEngine "Houdini 6"]
[BlackEngine "CF180327N73vk"]
[EventType "Swiss"]
[WhiteTeam ""]
[BlackTeam ""]
[PlyCount "130"]
[TimeControl "720+1"]

1. e4 e5 2. Nf3 Nc6 3. Bb5 Nf6 4. d3 Bc5 5. Bxc6 dxc6 6. O-O Nd7 7. c3 O-O 
8. d4 Bd6 9. Bg5 Qe8 10. Re1 f6 11. Bh4 a5 12. Bg3 Qf7 13. Nbd2 Re8 14. Qc2 exd4 
15. cxd4 Nb6 16. a3 Bxg3 17. hxg3 a4 18. Rac1 Be6 19. e5 f5 20. Ng5 Qh5 
21. Nxe6 Rxe6 22. f4 Ree8 23. Nc4 Qf7 24. Ne3 Rf8 25. Red1 Rad8 26. Qd3 Rd7 
27. Rc5 g6 28. Ra5 Rfd8 29. Qc3 Qe6 30. Ra7 Rb8 31. Rd3 Kh8 32. Qe1 h5 
33. Kh2 Qe8 34. Qb4 Qg8 35. Qc3 Qe6 36. Qd2 Qg8 37. Ra5 Qe6 38. Qd1 Qg8 
39. b3 axb3 40. Rxb3 Kg7 41. Rb4 Qd8 42. Qd2 Qe7 43. Qe2 Rdd8 44. Ra7 Kh8 
45. Qf2 c5 46. Rxb6 cxb6 47. d5 Qc7 48. d6 Qc6 49. Qf3 Qxf3 50. gxf3 Kg8 
51. Nd5 c4 52. Nxb6 c3 53. Ra5 Rdc8 54. Nxc8 Rxc8 55. d7 Rd8 56. Rc5 Rxd7 
57. Rxc3 Kg7 58. g4 fxg4 59. fxg4 hxg4 60. Kg3 Rd1 61. Rc7+ Kf8 62. Kxg4 Rg1+ 
63. Kh4 b6 64. Rb7 b5 65. Rxb5 Kf7 1-0

[Event "Tuesday Night Engine Tour 7 Rd Swiss 12m+1s Starts at 2200hrs"]
[Site "Infinity Chess"]
[Date "2018.4.3"]
[Round "2"]
[White "ivrdurant"]
[Black "MCDermont"]
[Result "1/2-1/2"]
[ECO "C11"]
[WhiteElo "2472"]
[BlackElo "2498"]
[WhiteEngine "Raubfisch ME262_GTZ16d4"]
[BlackEngine "BrainFish 010418 WM_CTG"]
[EventType "Swiss"]
[WhiteTeam ""]
[BlackTeam ""]
[PlyCount "76"]
[TimeControl "720+1"]

1. e4 e6 2. d4 d5 3. Nc3 Nf6 4. e5 Nfd7 5. f4 c5 6. Nf3 Nc6 7. Be3 cxd4 
8. Nxd4 Qb6 9. Qd2 Qxb2 10. Rb1 Qa3 11. Bb5 Nxd4 12. Bxd4 a6 13. Bxd7+ Bxd7 
14. Rb3 Qe7 15. Rxb7 Rc8 16. O-O Qd8 17. Qf2 Rxc3 18. Bxc3 Qc8 19. Rb3 Ba4 
20. Bd4 Bxb3 21. axb3 Be7 22. c3 O-O 23. b4 Qc6 24. Ra1 Bd8 25. g3 Bc7 
26. Kg2 Ra8 27. Qf1 h6 28. h4 Qb7 29. Qd3 a5 30. f5 exf5 31. Qxf5 Bb6 
32. Bxb6 Qxb6 33. Rxa5 Rxa5 34. bxa5 Qxa5 35. Qc8+ Kh7 36. Qf5+ Kg8 37. Qc8+ Kh7 
38. Qf5+ Kg8 1/2-1/2

[Event "Tuesday Night Engine Tour 7 Rd Swiss 12m+1s Starts at 2200hrs"]
[Site "Infinity Chess"]
[Date "2018.4.3"]
[Round "2"]
[White "beka"]
[Black "MGR"]
[Result "1/2-1/2 "]
[ECO "D00"]
[WhiteElo "2365"]
[BlackElo "2464"]
[WhiteEngine "stockfish_18032408_32bit"]
[BlackEngine "asmFishW_2018-04-02_bmi2"]
[EventType "Swiss"]
[WhiteTeam ""]
[BlackTeam ""]
[PlyCount "89"]
[TimeControl "720+1"]

1. d4 d5 2. e3 Nf6 3. c4 e6 4. Nf3 c6 5. Bd3 dxc4 6. Bxc4 Nbd7 7. O-O Bd6 
8. Nbd2 O-O 9. Qc2 c5 10. dxc5 Bxc5 11. Ne4 Nxe4 12. Qxe4 Qe7 13. Rd1 Nf6 
14. Qh4 Rd8 15. Rxd8+ Qxd8 16. b3 b6 17. Bb2 Bb7 18. Be2 Ne4 19. Qg4 Bf8 
20. Rd1 Qe7 21. Rc1 Rd8 22. Qf4 g5 23. Qc7 Rc8 24. Qxe7 Rxc1+ 25. Bxc1 Bxe7 
26. Bb2 Nc5 27. Bc3 a6 28. Nd2 b5 29. f4 f5 30. fxg5 Bxg5 31. Bd4 Be7 
32. Nf3 Bd6 33. Ne5 Ne4 34. g4 Kf8 35. gxf5 exf5 36. Bd3 Ke7 37. Kf1 Ke6 
38. Nf3 Kd5 39. Bc2 Bc6 40. Bg7 Bb7 41. Bd3 Ke6 42. Ke2 h5 43. Bd4 Kd5 
44. h4 Ke6 45. Bb2 1/2-1/2

[Event "Tuesday Night Engine Tour 7 Rd Swiss 12m+1s Starts at 2200hrs"]
[Site "Infinity Chess"]
[Date "2018.4.3"]
[Round "1"]
[White "MGR"]
[Black "Dovahkiin"]
[Result "1-0 "]
[ECO "D31"]
[WhiteElo "2451"]
[BlackElo "2386"]
[WhiteEngine "asmFishW_2018-04-02_bmi2"]
[BlackEngine "BrainFish_180329_x64_modern_CTG"]
[EventType "Swiss"]
[WhiteTeam ""]
[BlackTeam ""]
[PlyCount "73"]
[TimeControl "720+1"]

1. d4 d5 2. c4 e6 3. Nc3 c6 4. e4 dxe4 5. Nxe4 Bb4+ 6. Bd2 Qxd4 7. Bxb4 Qxe4+ 
8. Be2 Na6 9. Ba5 b6 10. Qd6 Bd7 11. Bc3 f6 12. Nf3 Nh6 13. Rd1 Rd8 14. Qa3 Bc8 
15. Nd2 Qf4 16. Bh5+ Nf7 17. O-O c5 18. Qa4+ Ke7 19. Rfe1 Rhe8 20. Qc2 Bb7 
21. Qxh7 Rh8 22. Qg6 Rxh5 23. Qxh5 Rh8 24. Qg6 Qxh2+ 25. Kf1 Qh1+ 26. Ke2 Qxg2 
27. Qxg2 Bxg2 28. Rg1 Rh2 29. Nf3 Bxf3+ 30. Kxf3 g5 31. Rh1 Rxh1 32. Rxh1 f5 
33. Rh7 Nb4 34. Bxb4 cxb4 35. Ke2 g4 36. Rh1 a6 37. b3 1-0

[Event "Tuesday Night Engine Tour 7 Rd Swiss 12m+1s Starts at 2200hrs"]
[Site "Infinity Chess"]
[Date "2018.4.3"]
[Round "1"]
[White "star99"]
[Black "CoffeeOne"]
[Result "1/2-1/2"]
[ECO "C24"]
[WhiteElo "2403"]
[BlackElo "2464"]
[WhiteEngine "Cryptic Heroes 9.2B"]
[BlackEngine "Houdini 6"]
[EventType "Swiss"]
[WhiteTeam ""]
[BlackTeam ""]
[PlyCount "143"]
[TimeControl "720+1"]

1. e4 e5 2. Bc4 Nf6 3. d3 Nc6 4. Nf3 Bc5 5. O-O d6 6. Nc3 a5 7. Bg5 h6 
8. Bxf6 Qxf6 9. Nd5 Qd8 10. Ne3 O-O 11. c3 Ne7 12. d4 exd4 13. cxd4 Bb6 
14. a4 c6 15. Qb3 Ba7 16. Rad1 Rb8 17. Rfe1 Ng6 18. Qc2 Nh4 19. Nxh4 Qxh4 
20. Qd3 Qg5 21. Qc3 Re8 22. Bd3 Qf6 23. Bc2 Be6 24. Rd2 h5 25. g3 h4 
26. Ng2 hxg3 27. hxg3 b5 28. Nf4 b4 29. Qxc6 Bxd4 30. Nxe6 fxe6 31. Bb3 Be5 
32. Kg2 Re7 33. Bd1 Rf8 34. Qc2 g6 35. Rh1 Bd4 36. Qc4 Bxb2 37. f4 Kg7 
38. e5 dxe5 39. Rxb2 exf4 40. Rf2 e5 41. Qd5 Qe6 42. Rd2 Qf6 43. g4 e4 
44. g5 Qe5 45. Qxe5+ Rxe5 46. Rd7+ Rf7 47. Rh7+ Kxh7 48. Rxf7+ Kh8 
49. Rxf4 Rxg5+ 50. Kf2 Rf5 51. Ke3 Rxf4 52. Kxf4 Kg7 53. Bc2 Kf6 54. Kxe4 Ke6 
55. Bb3+ Kf6 56. Bd1 g5 57. Bg4 Ke7 58. Kd3 Kf6 59. Kd4 Kf7 60. Bd1 Kf6 
61. Bh5 Ke7 62. Bd1 Kf6 63. Bf3 Ke6 64. Ke4 Kd6 65. Bd1 Ke7 66. Bc2 Kd6 
67. Bd1 Ke7 68. Kf5 Kd6 69. Kxg5 Kd5 70. Kf4 Kc4 71. Be2+ Kd4 72. Bg4 1/2-1/2

[Event "Tuesday Night Engine Tour 7 Rd Swiss 12m+1s Starts at 2200hrs"]
[Site "Infinity Chess"]
[Date "2018.4.3"]
[Round "1"]
[White "Victorious"]
[Black "MrScience"]
[Result "1/2-1/2"]
[ECO "C50"]
[WhiteElo "2473"]
[BlackElo "2425"]
[WhiteEngine "CF180327N73vk"]
[BlackEngine "cfish"]
[EventType "Swiss"]
[WhiteTeam ""]
[BlackTeam ""]
[PlyCount "115"]
[TimeControl "720+1"]

1. e4 e5 2. Nf3 Nc6 3. Bc4 Bc5 4. O-O Nf6 5. d3 d6 6. c3 O-O 7. Nbd2 a6 
8. a4 Ba7 9. h3 h6 10. Re1 Re8 11. b4 Be6 12. Bxe6 Rxe6 13. Qc2 Qd7 14. Nf1 d5 
15. Be3 Bxe3 16. Nxe3 Ne7 17. c4 d4 18. Nd5 Ng6 19. g3 Nxd5 20. exd5 Re7 
21. Kg2 c6 22. dxc6 Qxc6 23. b5 Qc5 24. Qb3 Kh7 25. Qa3 Qc7 26. Qb4 Qd7 
27. Rac1 f6 28. Nd2 Ree8 29. Qb3 axb5 30. Qxb5 Nf8 31. Ra1 Re7 32. Qxd7 Nxd7 
33. Nb3 Ree8 34. a5 Reb8 35. f4 Ra6 36. fxe5 Nxe5 37. Reb1 Nxd3 38. Nxd4 Ne5 
39. c5 Rc8 40. Rxb7 Rxc5 41. Nf5 Rcxa5 42. Rxa5 Rxa5 43. Rxg7+ Kh8 44. Rb7 Ra2+ 
45. Kf1 Ra3 46. Nxh6 Rxg3 47. h4 Rf3+ 48. Ke2 Ra3 49. h5 Ra2+ 50. Kd1 Ra4 
51. Re7 Ra1+ 52. Ke2 Ra2+ 53. Kd1 Rh2 54. Nf7+ Nxf7 55. Rxf7 Rf2 56. Rb7 Rf4 
57. Ra7 Kg8 58. Rd7 1/2-1/2

[Event "Tuesday Night Engine Tour 7 Rd Swiss 12m+1s Starts at 2200hrs"]
[Site "Infinity Chess"]
[Date "2018.4.3"]
[Round "1"]
[White "ocirema"]
[Black "ivrdurant"]
[Result "1/2-1/2"]
[ECO "E06"]
[WhiteElo "2435"]
[BlackElo "2474"]
[WhiteEngine "stockfish_18040300_x64_modern_CTG"]
[BlackEngine "Raubfisch ME262_GTZ16d4"]
[EventType "Swiss"]
[WhiteTeam ""]
[BlackTeam ""]
[PlyCount "106"]
[TimeControl "720+1"]

1. d4 Nf6 2. c4 e6 3. g3 d5 4. Bg2 Bb4+ 5. Nd2 O-O 6. Ngf3 b6 7. a3 Be7 
8. cxd5 exd5 9. Ne5 c5 10. O-O Re8 11. dxc5 Qc7 12. Ndf3 bxc5 13. b4 c4 
14. Bb2 Be6 15. Rc1 Nbd7 16. Nxd7 Qxd7 17. Ng5 Bf5 18. e4 Nxe4 19. Nxe4 dxe4 
20. Rxc4 Qb5 21. Rd4 Rad8 22. Qa1 Bf8 23. Re1 Rxd4 24. Bxd4 Qa4 25. Bf1 Bd7 
26. Qb2 a6 27. Be2 h6 28. Rc1 Bh3 29. Bc5 Rc8 30. Qa1 Bxc5 31. bxc5 Qc6 
32. Qc3 h5 33. Qe3 g6 34. Qd4 Rb8 35. Bf1 Bxf1 36. Rxf1 Rc8 37. Rc1 Kh7 
38. Rc4 Qe6 39. Rc1 Qc6 40. h4 Rc7 41. Qe3 Qd5 42. Qg5 Qxg5 43. hxg5 Kg7 
44. Kf1 f6 45. Ke2 fxg5 46. Ke3 Kf6 47. Kxe4 Ke6 48. f4 gxf4 49. Kxf4 Kd5 
50. Rd1+ Kc4 51. Rc1+ Kd5 52. Rd1+ Kc4 53. Rc1+ Kd5 1/2-1/2

[Event "Tuesday Night Engine Tour 7 Rd Swiss 12m+1s Starts at 2200hrs"]
[Site "Infinity Chess"]
[Date "2018.4.3"]
[Round "1"]
[White "MCDermont"]
[Black "RonWeasley"]
[Result "1/2-1/2 "]
[ECO "E20"]
[WhiteElo "2498"]
[BlackElo "2443"]
[WhiteEngine "BrainFish 010418 WM_CTG"]
[BlackEngine "BrainFish 010418 WM_CTG"]
[EventType "Swiss"]
[WhiteTeam ""]
[BlackTeam ""]
[PlyCount "102"]
[TimeControl "720+1"]

1. d4 Nf6 2. c4 e6 3. Nc3 d5 4. Nf3 c6 5. Bg5 h6 6. Bxf6 Qxf6 7. e3 Nd7 
8. Be2 g6 9. O-O Be7 10. Nd2 O-O 11. f4 Qg7 12. Rc1 Rd8 13. Kh1 dxc4 
14. Nxc4 Nb6 15. Ne5 c5 16. Re1 cxd4 17. exd4 Rb8 18. Bf3 Bd7 19. Qb3 Be8 
20. Rcd1 Bd6 21. a4 Bc7 22. Qc2 Kh7 23. g3 Qf8 24. h4 Kg7 25. h5 gxh5 
26. Bxh5 Rbc8 27. Qe2 Nd5 28. Nxd5 Rxd5 29. Rc1 Rdd8 30. Rf1 Bb8 31. Qg4+ Kh8 
32. Qh4 Bd6 33. Rc3 Be7 34. Qh3 Bf6 35. Kh2 Bg7 36. Rf2 Qe7 37. Qg4 Rc7 
38. Rxc7 Qxc7 39. f5 exf5 40. Qxf5 Rxd4 41. Nxf7+ Bxf7 42. Bxf7 Rd8 43. b3 Rf8 
44. Qh5 Qe5 45. Rf5 Qe4 46. Rf4 Qe1 47. Rf5 Qe4 48. Rf4 Qe1 49. Kg2 Rd8 
50. Qf3 Qd2+ 51. Kh3 Qd7+ 1/2-1/2

[Event "Tuesday Night Engine Tour 9 rd Swiss 7m+2s Starts at 2200hrs ST"]
[Site "Infinity Chess"]
[Date "2018.4.25"]
[Round "9"]
[White "firestar"]
[Black "Vimtiroba"]
[Result "1/2-1/2"]
[ECO "C77"]
[WhiteElo "2421"]
[BlackElo "2487"]
[WhiteEngine "Cryptic Heroes 9.4B"]
[BlackEngine "SF9 ''A24''_CTG"]
[EventType "Swiss"]
[WhiteTeam ""]
[BlackTeam ""]
[PlyCount "166"]
[TimeControl "420+2"]

1. e4 e5 2. Nf3 Nc6 3. Bb5 a6 4. Ba4 Nf6 5. d3 b5 6. Bb3 Be7 7. O-O O-O 8. h3 d6 
9. c3 Bb7 10. Bc2 d5 11. Nbd2 a5 12. Qe2 b4 13. Re1 dxe4 14. Nxe4 Nxe4 
15. dxe4 Ba6 16. Qe3 Bd6 17. Bd2 Qe7 18. Bd3 bxc3 19. bxc3 Bxd3 20. Qxd3 a4 
21. Rab1 h6 22. Rb5 Rfd8 23. Be3 Na5 24. Rd1 Qe6 25. Rd5 Rdb8 26. Ra1 a3 
27. Kf1 Nb7 28. Qc4 Na5 29. Qd3 Rb2 30. Bc1 Rb6 31. Be3 Rbb8 32. Kg1 Kh7 
33. Bc1 Nb7 34. Qc4 Na5 35. Qd3 Nb7 36. Qc4 Rc8 37. Nd2 Be7 38. Rb5 Qxc4 
39. Nxc4 Ra4 40. Ne3 Nc5 41. f3 c6 42. Rb4 Rd8 43. Kf1 Ra7 44. Rb6 Bg5 
45. g3 Rad7 46. Ke2 Nd3 47. Bxa3 Nb4 48. f4 Rd2+ 49. Kf3 Nc2 50. Bc1 R2d3 
51. Rab1 Be7 52. Ke2 Rxc3 53. Rb8 Rxb8 54. Rxb8 Bc5 55. Nxc2 Rxc2+ 56. Kd1 Rxa2 
57. fxe5 Ra4 58. Rb7 Rxe4 59. Rxf7 Rxe5 60. Rc7 Bd6 61. Rxc6 Rd5+ 62. Ke2 Bxg3 
63. Kf3 Be5 64. Ke4 Rb5 65. Bd2 Bf6 66. Bc3 Kg6 67. Bxf6 gxf6 68. h4 Rb4+ 
69. Ke3 Rxh4 70. Rc8 Kf5 71. Rc1 h5 72. Rc5+ Kg4 73. Rc6 Rh3+ 74. Kf2 Rf3+ 
75. Kg2 h4 76. Rc4+ Rf4 77. Rc7 h3+ 78. Kh2 Rf2+ 79. Kg1 Rf5 80. Kh2 Rh5 
81. Rc4+ Kf3 82. Rc3+ Ke2 83. Rb3 Rh8 1/2-1/2

[Event "Tuesday Night Engine Tour 9 rd Swiss 7m+2s Starts at 2200hrs ST"]
[Site "Infinity Chess"]
[Date "2018.4.25"]
[Round "9"]
[White "quicksilver"]
[Black "ocirema"]
[Result "1/2-1/2"]
[ECO "C50"]
[WhiteElo "2434"]
[BlackElo "2466"]
[WhiteEngine "Cryptic Heroes 9.4B"]
[BlackEngine "Eman 1.70-beta21 64-bit POPCNT_CTG"]
[EventType "Swiss"]
[WhiteTeam ""]
[BlackTeam ""]
[PlyCount "184"]
[TimeControl "420+2"]

1. e4 e5 2. Nf3 Nc6 3. Bc4 Bc5 4. O-O Nf6 5. d3 O-O 6. Nbd2 d6 7. c3 a5 
8. Re1 h6 9. Nf1 Be6 10. Bb5 Ne7 11. d4 exd4 12. cxd4 Bb6 13. Ng3 d5 14. e5 Ne4 
15. Nxe4 dxe4 16. Rxe4 Bd5 17. Bd3 Bxe4 18. Bxe4 Qd7 19. Be3 Rad8 20. Qd2 Nd5 
21. Bc2 Nxe3 22. fxe3 g6 23. Qd3 Kg7 24. Rd1 Qg4 25. Rd2 Qe6 26. Bb3 Qg4 
27. Bc2 Rde8 28. Rf2 f6 29. g3 h5 30. a3 Qf5 31. Qxf5 gxf5 32. e6 Rxe6 
33. Nh4 Rfe8 34. Nxf5+ Kh8 35. Rf4 Rxe3 36. Nxe3 Rxe3 37. Kf2 Re5 38. a4 Kg7 
39. Bb3 Kg6 40. Kf1 Re8 41. Bc2+ Kg7 42. Rh4 Kh6 43. Bd1 Rd8 44. Rxh5+ Kg6 
45. Rb5 Bxd4 46. Bc2+ Kh6 47. b3 b6 48. Rf5 Be5 49. Ke2 Re8 50. Kd2 Rd8+ 
51. Bd3 Rd4 52. Kc2 Rb4 53. Bb5 Rd4 54. Bd3 Rg4 55. Rf1 Kg5 56. Rf3 Rb4 
57. h3 Kh5 58. Rf5+ Kh6 59. g4 Kg7 60. Bc4 c6 61. g5 Kg6 62. Bd3 Kg7 
63. gxf6+ Bxf6 64. Rf3 Rh4 65. Bf5 Rd4 66. Rd3 Rd5 67. Rxd5 cxd5 68. Be6 d4 
69. Bg4 Kh6 70. Bd1 Kg5 71. Bg4 Be5 72. Kd2 Kf4 73. Kd3 Bf6 74. Bd1 Ke5 
75. Bf3 Be7 76. Kc4 Kf4 77. Be2 Ke3 78. Bf1 Kf2 79. Bd3 Ke3 80. Bc2 Bg5 
81. Bd3 Bh4 82. Bf1 Be7 83. Bd3 Bg5 84. Bf5 Bh4 85. Bg6 Bf6 86. Bf5 Bh4 
87. Bg6 Bf6 88. Bd3 Bg5 89. Bf5 Bf6 90. Bb1 Ke2 91. Bd3+ Kd2 92. Bg6 Ke3 1/2-1/2

[Event "Tuesday Night Engine Tour 9 rd Swiss 7m+2s Starts at 2200hrs ST"]
[Site "Infinity Chess"]
[Date "2018.4.25"]
[Round "9"]
[White "ironchess"]
[Black "star99"]
[Result "1/2-1/2"]
[ECO "B23"]
[WhiteElo "2430"]
[BlackElo "2464"]
[WhiteEngine "Cryptic Heroes 9.4B"]
[BlackEngine "Cryptic Heroes 9.4B"]
[EventType "Swiss"]
[WhiteTeam ""]
[BlackTeam ""]
[PlyCount "167"]
[TimeControl "420+2"]

1. e4 c5 2. Nc3 d6 3. Nf3 Nf6 4. d4 cxd4 5. Nxd4 a6 6. h3 e5 7. Nb3 Be7 8. g4 h6 
9. Bg2 b5 10. f4 Nbd7 11. a4 b4 12. Ne2 O-O 13. Ng3 Ne8 14. O-O a5 15. Nf5 Bf6 
16. Rf2 exf4 17. Nbd4 Ne5 18. Bxf4 Bxf5 19. Nxf5 Rc8 20. Rb1 g6 21. Ne3 Bg5 
22. Bxg5 Qxg5 23. Nd5 Kg7 24. Qd2 Nc7 25. Nb6 Rcd8 26. Rd1 Ne6 27. Qxg5 Nxg5 
28. Nd5 Rc8 29. c3 bxc3 30. Nxc3 Rfd8 31. Rd5 Rc5 32. Rd1 Kf8 33. Kh2 Nc4 
34. Nb5 Ke7 35. Bf1 Ne5 36. Nc3 Rb8 37. Bb5 Rbc8 38. Bf1 Ke6 39. Rb1 R5c6 
40. Ne2 Rc5 41. Nc3 Nc4 42. Bg2 Rb8 43. Nb5 Ke7 44. Rd1 Ne6 45. Bf1 Ne3 
46. Re1 Rc2 47. Rxc2 Nxc2 48. Re2 Ncd4 49. Rf2 f6 50. Bc4 Nxb5 51. axb5 Nc5 
52. Re2 a4 53. Re1 Nd7 54. Ra1 Nb6 55. Bd3 Rc8 56. Kg3 Ke6 57. Kf4 Rc7 
58. Rd1 g5+ 59. Ke3 Ke5 60. Rb1 Rc5 61. Rd1 Rc8 62. Rd2 d5 63. Rf2 d4+ 
64. Kd2 Nc4+ 65. Bxc4 Rxc4 66. Kd3 Rb4 67. Rf5+ Ke6 68. Rc5 Rxb2 69. Kxd4 a3 
70. Rc6+ Kf7 71. Ra6 a2 72. Kc3 Rxb5 73. Rxa2 Re5 74. Kd4 Re6 75. Ke3 Rc6 
76. Ra7+ Kg6 77. Ra5 Rc3+ 78. Kf2 Rxh3 79. e5 fxe5 80. Ra6+ Kh7 81. Ra7+ Kg6 
82. Ra6+ Kh7 83. Ra7+ Kg6 84. Ra6+ 1/2-1/2

[Event "Tuesday Night Engine Tour 9 rd Swiss 7m+2s Starts at 2200hrs ST"]
[Site "Infinity Chess"]
[Date "2018.4.25"]
[Round "9"]
[White "draxlord"]
[Black "TasicV"]
[Result "1/2-1/2"]
[ECO "C50"]
[WhiteElo "2494"]
[BlackElo "2481"]
[WhiteEngine "Cryptic Heroes 9.4B"]
[BlackEngine "S_XPrO.020418.64.BMI2_CTG"]
[EventType "Swiss"]
[WhiteTeam ""]
[BlackTeam ""]
[PlyCount "111"]
[TimeControl "420+2"]

1. e4 e5 2. Nf3 Nc6 3. Bc4 Bc5 4. O-O Nf6 5. d3 d6 6. Nc3 h6 7. Na4 Bb6 
8. c3 O-O 9. b4 Ne7 10. Nxb6 axb6 11. Bd2 Ng6 12. h3 c6 13. a4 Re8 14. Re1 d5 
15. Bb3 Be6 16. exd5 Bxd5 17. Bc2 c5 18. c4 Bc6 19. b5 Bxf3 20. Qxf3 Nh4 
21. Qd1 Nf5 22. Qb1 Nh5 23. g4 Nd4 24. gxh5 Nf3+ 25. Kg2 Nxd2 26. Qd1 Qg5+ 
27. Qg4 e4 28. Qxg5 hxg5 29. Rad1 Nf3 30. Rxe4 Nd4 31. Rd2 f5 32. Re3 Kf7 
33. Bd1 Kf6 34. Rxe8 Rxe8 35. Bf3 Re7 36. Rd1 Rd7 37. Kg3 Ne6 38. h4 gxh4+ 
39. Kxh4 Nf4 40. Kg3 Kg5 41. Rd2 Nxd3 42. Bxb7 f4+ 43. Kh2 Rxb7 44. Rxd3 Ra7 
45. a5 Rxa5 46. Rd7 Kxh5 47. Rxg7 Ra4 48. Rb7 Rxc4 49. Rxb6 Rb4 50. Kg2 Rb3 
51. Rb8 c4 52. Rc8 Rxb5 53. Rxc4 Rb1 54. Rxf4 Rb8 55. Ra4 Rb5 56. Kf3 1/2-1/2

[Event "Tuesday Night Engine Tour 9 rd Swiss 7m+2s Starts at 2200hrs ST"]
[Site "Infinity Chess"]
[Date "2018.4.25"]
[Round "9"]
[White "Thinker"]
[Black "mcstar"]
[Result "1/2-1/2"]
[ECO "B53"]
[WhiteElo "2490"]
[BlackElo "2432"]
[WhiteEngine "BrainFish_180418_x64_modern_CTG"]
[BlackEngine "Cryptic Heroes 9.4B"]
[EventType "Swiss"]
[WhiteTeam ""]
[BlackTeam ""]
[PlyCount "145"]
[TimeControl "420+2"]

1. e4 c5 2. Nf3 d6 3. d4 Nf6 4. Nc3 cxd4 5. Nxd4 Nc6 6. Bg5 e6 7. Qd2 Be7 
8. O-O-O O-O 9. f4 Nxd4 10. Qxd4 h6 11. Bh4 Qa5 12. Bc4 e5 13. fxe5 dxe5 
14. Qd3 Bg4 15. Rdf1 Rac8 16. Bxf6 Bxf6 17. Kb1 Qc7 18. Bb3 Bh4 19. h3 Be6 
20. Rf3 Qc6 21. Rhf1 a6 22. Nd5 Qc5 23. Qe2 b5 24. a3 Kh7 25. Rd3 Qa7 
26. Ne3 Bg5 27. Ng4 Bxb3 28. cxb3 Qe7 29. Rd5 Qe6 30. Ka2 Kg8 31. g3 Be7 
32. Rxe5 Qd6 33. h4 Rfd8 34. Qf2 Rf8 35. Rd5 Qe6 36. Qf5 Qxf5 37. exf5 Rcd8 
38. Rfd1 Rxd5 39. Rxd5 Re8 40. h5 Bd8 41. Nf2 Bf6 42. a4 Be5 43. g4 bxa4 
44. bxa4 Bxb2 45. Kxb2 Re2+ 46. Kb3 Rxf2 47. Rd6 a5 48. Kc4 Rb2 49. Kc5 Kh7 
50. Rd5 f6 51. Rd4 Rb3 52. Rc4 Rb1 53. Kd4 Rb2 54. Rc7 Rb4+ 55. Rc4 Rb3 
56. Rc5 Rb4+ 57. Rc4 Rb2 58. Rc3 Rg2 59. Kc4 Rxg4+ 60. Kb5 Rg5 61. Kxa5 Rxh5 
62. Kb5 Rxf5+ 63. Kb6 Rf1 64. Ra3 Kg6 65. a5 Rb1+ 66. Kc6 h5 67. a6 Rc1+ 
68. Kb5 Rc8 69. a7 h4 70. Kb6 f5 71. a8=Q Rxa8 72. Rxa8 Kg5 73. Ra1 1/2-1/2

[Event "Tuesday Night Engine Tour 9 rd Swiss 7m+2s Starts at 2200hrs ST"]
[Site "Infinity Chess"]
[Date "2018.4.25"]
[Round "9"]
[White "Seliga"]
[Black "MarioDeMonti"]
[Result "1/2-1/2 "]
[ECO "A05"]
[WhiteElo "2504"]
[BlackElo "2488"]
[WhiteEngine "SF9 ''A23''_CTG"]
[BlackEngine "stockfish_x64_bmi2_2018_02_18_CTG"]
[EventType "Swiss"]
[WhiteTeam ""]
[BlackTeam ""]
[PlyCount "204"]
[TimeControl "420+2"]

1. Nf3 Nf6 2. d4 d5 3. e3 c5 4. c4 e6 5. Nc3 Nc6 6. a3 cxd4 7. exd4 Be7 
8. c5 Ne4 9. Qc2 Nxc3 10. Qxc3 a5 11. Bb5 O-O 12. O-O a4 13. Bf4 Bd7 14. Rac1 f6 
15. Qd2 Na5 16. Qe2 Bxb5 17. Qxb5 Qe8 18. Qe2 Qd7 19. Rfe1 Ra6 20. Qd3 Nb3 
21. Rc2 Re8 22. Re3 Raa8 23. Bg3 Na5 24. Nd2 Bd8 25. Bd6 Rc8 26. Rh3 g6 
27. Rg3 Kh8 28. Rh3 Kg7 29. Rc3 Nc6 30. Nf3 Be7 31. Bf4 Bd8 32. Bd6 Be7 
33. Bf4 Kg8 34. Qd1 Ra8 35. Rd3 Bf8 36. Bh6 Bxh6 37. Rxh6 b6 38. Rh4 Rab8 
39. Rd2 Na5 40. Rc2 Rec8 41. Nd2 Rb7 42. h3 Nc6 43. Rc1 Kg7 44. Qxa4 bxc5 
45. Nb3 Rxb3 46. Qxb3 Nxd4 47. Qd1 e5 48. b4 cxb4 49. Rxd4 Rxc1 50. Qxc1 exd4 
51. axb4 d3 52. Qe3 Qb7 53. Qxd3 Qxb4 54. Qxd5 Qe1+ 55. Kh2 Qxf2 56. Qe4 h5 
57. h4 Qa7 58. g3 Qf2+ 59. Kh1 Qa2 60. Qe7+ Qf7 61. Qd8 Qf8 62. Qc7+ Kg8 
63. Kh2 Qf7 64. Qd8+ Kg7 65. Kg2 Qa7 66. Qd6 Qa8+ 67. Kf2 Qa2+ 68. Kf3 Qf7 
69. Kg2 Qb7+ 70. Kf2 Qf7 71. Kf3 Qa7 72. Qd5 Qe7 73. Kf2 Qc7 74. Kg2 Kh7 
75. Kf3 Qa7 76. Kg2 Qc7 77. Qe4 Qd7 78. Qc4 Qe7 79. Qd3 Kg7 80. Qc4 Qd6 
81. Kf2 Qd2+ 82. Kf3 Qd8 83. Kg2 Qb6 84. Qc3 Qa7 85. Qc8 Qa2+ 86. Kf1 Qb1+ 
87. Kg2 Qa2+ 88. Kf1 Qd5 89. Qc7+ Qf7 90. Qc8 Qd5 91. Qc7+ Kf8 92. Qc8+ Ke7 
93. Qc7+ Qd7 94. Qc5+ Qd6 95. Qe3+ Kd7 96. Kg1 Qd1+ 97. Kg2 f5 98. Qb6 Qc2+ 
99. Kf3 Qc6+ 100. Qxc6+ Kxc6 101. Kf2 Kd5 102. Kf3 f4 1/2-1/2

[Event "Tuesday Night Engine Tour 9 rd Swiss 7m+2s Starts at 2200hrs ST"]
[Site "Infinity Chess"]
[Date "2018.4.25"]
[Round "9"]
[White "Victorious"]
[Black "crossbones"]
[Result "1/2-1/2 "]
[ECO "B53"]
[WhiteElo "2510"]
[BlackElo "2549"]
[WhiteEngine "CFish_210418_x64_N_pop_LTO_730mingw"]
[BlackEngine "Cryptic Heroes 9.4B"]
[EventType "Swiss"]
[WhiteTeam ""]
[BlackTeam ""]
[PlyCount "188"]
[TimeControl "420+2"]

1. e4 c5 2. Nf3 d6 3. d4 Nf6 4. Nc3 cxd4 5. Nxd4 Nc6 6. Bg5 e6 7. Qd2 Be7 
8. O-O-O O-O 9. f4 Nxd4 10. Qxd4 h6 11. Bh4 Qa5 12. Bc4 e5 13. fxe5 dxe5 
14. Qd3 Bg4 15. Rdf1 Rac8 16. Bxf6 Bxf6 17. Bb3 Bh4 18. Kb1 Qc5 19. g3 Be7 
20. a3 a5 21. h3 Rcd8 22. Nd5 Bd7 23. Qe2 Kh8 24. g4 Bh4 25. Rf3 Bb5 26. Qg2 Bc6 
27. Rhf1 Bb5 28. Rd1 a4 29. Ba2 Rd7 30. Rc3 Qf2 31. Qxf2 Bxf2 32. Bc4 Bc6 
33. Rf1 Bd4 34. Rcf3 b5 35. Ba2 Ra7 36. Re1 f6 37. Nb4 Be8 38. Rd1 Kh7 
39. Bd5 Rc7 40. c3 Bb6 41. Be6 Rb7 42. Bc8 Ra7 43. Bf5+ Kh8 44. Rfd3 Bf7 
45. Rd6 Bc5 46. Rc6 Bxb4 47. cxb4 h5 48. Rdd6 hxg4 49. hxg4 g6 50. Bd7 Rd8 
51. Rc8 Rxc8 52. Bxc8 Bc4 53. Be6 Bf1 54. Kc2 Kg7 55. Bd5 Be2 56. g5 fxg5 
57. Kd2 Bf3 58. Ke3 g4 59. Re6 Rc7 60. Rc6 Re7 61. Re6 Rxe6 62. Bxe6 Kf6 
63. Bd7 Bd1 64. Kf2 g3+ 65. Kxg3 Be2 66. Bc6 g5 67. Kf2 Bd3 68. Ba8 Bc4 
69. Bc6 Bd3 70. Ba8 Kf7 71. Kf3 Bc4 72. Kg3 Kf6 73. Bb7 Ke7 74. Kf3 Bd3 
75. Kg3 Kf7 76. Kh3 Ke6 77. Bd5+ Kf6 78. Bb7 Be2 79. Kg3 Bd3 80. Bc6 Bf1 
81. Ba8 Ke7 82. Kg4 Kf6 83. Bc6 Be2+ 84. Kg3 Bd3 85. Kg4 Bf1 86. Ba8 Be2+ 
87. Kg3 g4 88. Bc6 Kg6 89. Bb7 Kg5 90. Bc6 Bc4 91. Bb7 Bd3 92. Bd5 Be2 
93. Bc6 Bc4 94. Be8 Bf1 1/2-1/2